 Dungeon Crawl Stone Soup version 0.29.0-7-g18a832c13a (webtiles) character file.

Game seed: 13438478719339170794

338 RascalDebosk the Grave Robber (level 6, -3/32 HPs)
             Began as a Deep Elf Necromancer on Aug 31, 2022.
             Slain by Grinder (7 damage)
             ... on level 4 of the Dungeon.
             The game lasted 00:46:48 (4421 turns).

RascalDebosk the Grave Robber (DENe)                Turns: 4421, Time: 00:46:48

Health: -3/32      AC: 10    Str: 11    XL:     6   Next: 29%
Magic:  13/15      EV: 13    Int: 22    God:
Gold:   175        SH:  5    Dex: 15    Spells: 6/14 levels left

rFire   . . .      SeeInvis .   v - +3 falchion (flame)
rCold   . . .      Faith    .   (no shield)
rNeg    . . .      Spirit   .   a - +1 robe
rPois   +          Reflect  +   r - +0 helmet
rElec   .          Harm     .   k - +2 cloak
rCorr   .          Rampage  .   (no gloves)
Will    .....                   n - +2 pair of boots
Stlth   +++.......              s - amulet of reflection
HPRegen 0.10/turn               f - +6 ring of strength
MPRegen 0.14/turn               j - ring of poison resistance

@: animating dead
A: no striking features
a: no special abilities


You were on level 4 of the Dungeon.
You visited 1 branch of the dungeon, and saw 4 of its levels.

You collected 175 gold pieces.

Inventory:

Hand Weapons
 e - a +0 dagger of speed
 q - a +2 long sword of freezing
 v - a +3 falchion of flaming (weapon)
Armour
 a - a +1 robe (worn)
 k - a +2 cloak (worn)
 n - a +2 pair of boots (worn)
 r - a +0 helmet (worn)
Magical Staves
 g - a staff of conjuration
Jewellery
 f - a +6 ring of strength (left hand)
 j - a ring of poison resistance (right hand)
 s - an amulet of reflection (around neck)
Scrolls
 d - a scroll of blinking
 h - a scroll of poison
 l - a scroll of enchant armour
 t - a scroll of teleportation
 x - a scroll of brand weapon {unknown}
Potions
 b - a potion of attraction {unknown}
 c - 2 potions of lignification {unknown}
 i - a potion of might {unknown}
 m - a potion of degeneration {unknown}
 o - 3 potions of curing
 p - 2 potions of heal wounds {unknown}
 u - a potion of flight {unknown}
 w - a potion of brilliance {unknown}


   Skills:
 + Level 1.1 Long Blades
 + Level 4.1 Dodging
 + Level 4.3 Stealth
 + Level 4.7 Spellcasting
 + Level 5.9 Necromancy
 + Level 2.6 Evocations


You had 6 spell levels left.
You knew the following spells:

 Your Spells              Type           Power      Damage    Failure   Level
a - Necrotise             Necr           100%       1d9       1%          1
b - Vampiric Draining     Necr           31%        2d8       2%          3
c - Animate Dead          Necr           31%        N/A       9%          4

Your spell library contained the following spells:

 Spells                   Type           Power      Damage    Failure   Level
 Agony                    Necr           31%        N/A       26%         5
 Portal Projectile        Hex/Tloc       10%        N/A       30%         3
 Tukima's Dance           Hex            5%         N/A       30%         3
 Blade Hands              Tmut           2%         N/A       96%         5


Dungeon Overview and Level Annotations

Branches:
Dungeon (4/15)             Temple (0/1) D:4

Altars:
Xom

Shops:
D:2 :

Annotations:
D:4 Grinder


Message History

Grinder is moderately wounded.
Grinder closely misses you. The endoplasm freezes you.
You are frozen.
Grinder hits you but does no damage. The endoplasm barely misses you.
You hit Grinder. You burn Grinder.
Grinder is moderately wounded.
The endoplasm misses you.
Grinder blinks!
Found a book of the Senses and 14 gold pieces.
Found a staircase to the Ecumenical Temple.
The endoplasm barely misses you. Grinder hits you but does no damage.
You closely miss Grinder.
Grinder is moderately wounded.
Grinder gestures at you. Pain shoots through your body!
* * * LOW HITPOINT WARNING * * *
The endoplasm hits you.
* * * LOW HITPOINT WARNING * * *
You closely miss Grinder.
Grinder is moderately wounded.
The endoplasm freezes you.
You are frozen.
* * * LOW HITPOINT WARNING * * *
Grinder hits you but does no damage.
You slash Grinder! You burn Grinder.
Grinder is heavily wounded.
Grinder hits you but does no damage. The endoplasm freezes you.
You are frozen.
* * * LOW HITPOINT WARNING * * *
Grinder blinks!
The endoplasm hits you but does no damage.
You hit Grinder. You burn Grinder.
Grinder is severely wounded.
The endoplasm closely misses you. Grinder barely misses you.
You closely miss Grinder.
Grinder is severely wounded.
Grinder hits you!
You die...

.. # #^# ..
#.# ...# . ...
#.# ..w.# ..
.... #.# ....#
... .....###.#
....# ....
#...#.##....#
l....
#5@J.w....#
#....
#####....##.#
#....
...........#.#
####....
:.):#####..#.#
#....... .>.
#..#.#
#.#...## $
#..#.#
#.#...##
##.#.#
#.##.##. #...#
#.##.##.
#...###.##.##.


You could see Grinder, a worm and an endoplasm.

Vanquished Creatures
  A phantom (D:4)
  An orc priest (D:4)
  2 iguanas
  2 orc wizards
  3 adders
  3 worms (D:2)
  A dart slug (D:4)
  5 orcs
  4 ball pythons
  3 endoplasms
  2 giant cockroaches
  18 hobgoblins
  8 kobolds
  3 quokkas
  4 bats
  3 frilled lizards (D:2)
  11 goblins
  6 rats
80 creatures vanquished.

Vanquished Creatures (collateral kills)
  An orc (D:4)
  An endoplasm (D:3)
  A goblin (D:2)
  A kobold (D:1)
  A ball python (D:4)
  A rat (D:1)
6 creatures vanquished.

Vanquished Creatures (others)
  An adder zombie (D:4)
  2 ball python zombies (D:4)
  2 goblin zombies (D:2)
  4 hobgoblin zombies
  An orc zombie (D:4)
10 creatures vanquished.

Grand Total: 96 creatures vanquished

Notes
Turn   | Place    | Note
-------+----------+-------------------------------------------
     0 | D:1      | RascalDebosk the Deep Elf Necromancer began the quest for
                  | the Orb.
     0 | D:1      | Reached XP level 1. HP: 10/10 MP: 6/6
    73 | D:1      | Found a faded altar of an unknown god.
   243 | D:1      | Reached XP level 2. HP: 15/15 MP: 2/8
   413 | D:1      | Reached skill level 5 in Necromancy
  1245 | D:2      | Reached skill level 1 in Evocations
  1327 | D:2      | Reached XP level 3. HP: 19/19 MP: 5/9
  1422 | D:2      | Learned a level 3 spell: Vampiric Draining
  1527 | D:2      | Found Hoyppaeb's Book Emporium.
  2099 | D:2      | Reached XP level 4. HP: 24/24 MP: 9/11
  2104 | D:2      | Learned a level 4 spell: Animate Dead
  2841 | D:3      | Found a shimmering altar of Xom.
  3181 | D:3      | Reached XP level 5. HP: 26/28 MP: 8/13
  3823 | D:4      | Noticed a phantom
  4210 | D:4      | Killed a phantom
  4211 | D:4      | Reached skill level 1 in Long Blades
  4211 | D:4      | Reached XP level 6. HP: 31/32 MP: 9/15
  4407 | D:4      | Noticed Grinder
  4415 | D:4      | Found a staircase to the Ecumenical Temple.
  4421 | D:4      | Slain by Grinder

Illustrated notes

Levels and vault maps discovered:
D:1:      dpeg_arrival_shelter, layout_basic, basic_ecumenical_altar,
          minmay_misc_feat_rows, chequers_serial_rivers_small_a
D:2:      cheibrodos_greedy_goblins, layout_loops_ring, serial_shops, shop,
          minmay_misc_feat_cross, minmay_misc_feat_four_crosses, minmay_cut_off
D:3:      layout_loops_corners, xom_teletrap_fun
D:4:      layout_basic, nicolae_sif_muna_condensation,
          minmay_temple_entry_offerings, minmay_diced_spiral, uniq_grinder

Skill      XL: |  1  2  3  4  5 |
---------------+----------------+-----
Necromancy     | 5 |  5.9
Evocations     | 1 2 |  2.6
Stealth        | 3 4 |  4.3
Dodging        | 3 4 |  4.1
Spellcasting   | 4 |  4.7
Long Blades    | 1 |  1.1

Action                   |  1- 3 |  4- 6 || total
-------------------------+-------+-------++-------
Melee: Dagger            |    28 |    33 ||    61
       Punch             |     1 |       ||     1
       Long sword        |       |    21 ||    21
       Falchion          |       |    35 ||    35
 Cast: Necrotise         |    76 |    45 ||   121
       Vampiric Draining |     1 |     1 ||     2
       Animate Dead      |       |    11 ||    11
  Use: Potion            |     1 |       ||     1
       Scroll            |       |     9 ||     9
 Stab: Sleeping          |       |     1 ||     1
Armor: Robe              |     9 |    41 ||    50
Dodge: Dodged            |    23 |    48 ||    71
Block: Other             |       |     8 ||     8
